Map: Heavy Artillery LE

Players

Massa

  • Race: Terran Terran
  • League: Platinum
  • Spawn Location: 7:00

qqq

  • Race: Zerg Zerg
  • Spawn Location: 7:00

Term

  • Race: Terran Terran
  • Spawn Location: 1:00

Badezusatz

  • Race: Protoss Protoss
  • League: Platinum
  • Spawn Location: 3:00

VOD

Have the link to the VOD?

Description

Time

  • Played on: March 29, 2021, 1 p.m.
  • Length: 9:59
Show
View Real Time Build Order
Export as new Build Order

Massa Terran 

Build Orders: Reaper Expand 

Get SALT Encoding   

  12  0:00  SCV  
  13  0:12  SCV  
  14  0:23  Supply Depot  
  14  0:25  SCV  
  15  0:45  SCV, Barracks  
  16  0:50  Refinery  
  17  0:57  SCV  
  17  1:09  SCV  
  18  1:21  SCV  
  19  1:37  Orbital Command  
  19  1:38  Reaper  
  20  1:50  Command Center  
  20  2:13  Supply Depot  
  20  2:17  SCV  
  21  2:30  Barracks Reactor, Factory  
  21  2:34  SCV  
  22  2:44  Supply Depot  
  22  2:46  SCV  
  23  2:54  Refinery  
  24  2:58  SCV  
  24  3:11  Marine  
  24  3:12  Marine  
  26  3:14  Hellion  
  26  3:17  Starport  
  28  3:23  Orbital Command  
  28  3:24  SCV  
  29  3:29  Marine x2  
  31  3:35  Hellion  
  31  3:36  SCV  
  34  3:46  Engineering Bay  
  34  3:47  Marine x2  
  36  4:03  SCV x2  
  36  4:05  Marine x2  
  40  4:15  SCV x2  
  42  4:21  Missile Turret  
  41  4:35  Factory Tech Lab, Starport Reactor, Marine x2  
  43  4:41  SCV  
  43  4:42  SCV  
  45  4:45  Missile Turret  
  45  4:48  Terran Infantry Weapons Level 1  
  45  4:52  Supply Depot  
  45  4:53  SCV, Marine x2  
  45  4:54  SCV  
  45  4:57  Missile Turret  
  52  5:00  Cyclone  
  52  5:11  Marine x2  
  52  5:12  Barracks  
  52  5:14  Barracks, Medivac x2  
  56  5:17  Barracks  
  58  5:26  Armory  
  58  5:29  Marine x2  
  58  5:46  Marine x2  
  60  6:04  Marine  
  48  6:20  Barracks Reactor, Barracks Tech Lab x2, Marine  
  48  6:22  Marine  
  46  6:33  Cyclone  
  46  6:34  Medivac  
  46  6:35  Medivac  
  46  6:38  SCV x2, Marine  
  56  6:40  Refinery, Marine  
  56  6:41  Refinery  
  56  6:46  Marine x2  
  59  6:50  SCV x2  
  61  6:56  Marine  
  61  6:57  Stimpack  
  62  7:05  Supply Depot x3  
  62  7:07  Supply Depot  
  62  7:08  Supply Depot x2  
  62  7:14  Combat Shield  
  62  7:26  SCV, Marine x6, Cyclone  
  62  7:28  Command Center  
  72  7:30  SCV  
  73  7:38  SCV  
  73  7:42  SCV  
  73  7:44  Marine  
  76  7:56  Medivac x2  
  76  7:57  Marine x5  
  85  7:59  Siege Tank  
  85  8:02  Marine  
  89  8:14  Marine  
  89  8:15  Marine x2  
  86  8:36  Concussive Shells  
  84  8:44  Marine x2  
  84  8:45  Siege Tank  
  69  9:01  Planetary Fortress  
  67  9:03  SCV x2  
  67  9:09  Viking x2  
  73  9:11  Marine x6  
  73  9:15  SCV x2  
  81  9:17  Siege Tank  
  80  9:25  Orbital Command  
  80  9:27  SCV  
  80  9:29  Marine x4  
  68  9:35  Marine  
Show
View Real Time Build Order
Export as new Build Order

qqq Zerg 

Build Orders: Hatch First 

Get SALT Encoding   

  12  0:02  Drone  
  13  0:11  Drone  
  14  0:21  Overlord  
  14  0:52  Drone  
  15  0:57  Drone  
  15  1:00  Hatchery  
  15  1:01  Drone  
  16  1:12  Drone  
  16  1:14  Extractor  
  16  1:45  Spawning Pool  
  16  1:46  Drone x2, Overlord  
  17  2:11  Drone x2  
  19  2:22  Drone x2  
  21  2:26  Drone  
  22  2:35  Spine Crawler  
  21  2:37  Drone x2  
  21  2:39  Metabolic Boost  
  21  2:42  Queen  
  25  2:50  Queen  
  27  2:58  Drone  
  27  3:02  Drone, Overlord  
  29  3:12  Zergling x6  
  31  3:13  Zergling x2  
  32  3:22  Spine Crawler  
  32  3:25  Zergling x2  
  32  3:26  Zergling x2  
  31  3:36  Zergling x4  
  32  3:48  Spore Crawler  
  29  3:53  Drone x3  
  32  3:56  Spore Crawler  
  28  4:04  Drone x2  
  28  4:05  Queen  
  28  4:08  Drone  
  32  4:14  Drone  
  31  4:34  Spore Crawler  
  31  4:36  Drone x2  
  31  4:38  Drone, Lair  
  32  4:39  Drone  
  34  4:47  Drone  
  34  4:48  Drone  
  36  4:53  Queen  
  37  5:08  Drone  
  37  5:13  Extractor  
  35  5:22  Drone x4  
  39  5:28  Queen  
  39  5:33  Spore Crawler  
  40  5:40  Zergling x6  
  41  5:45  Zergling x6  
  41  5:47  Overlord  
  41  5:58  Hatchery, Zergling x8  
  41  6:02  Spine Crawler  
  43  6:07  Zergling x4  
  43  6:08  Zergling x2  
  45  6:29  Zergling x2  
  45  6:30  Zergling x12  
  45  6:47  Zergling x4  
  45  6:48  Zergling x2  
  48  7:01  Overlord x2  
  46  7:02  Spire  
  45  7:09  Queen  
  47  7:18  Drone x2  
  48  7:30  Spore Crawler  
  44  7:37  Zergling x6  
  44  7:38  Drone x4, Zergling x4  
  44  7:39  Drone  
  43  7:57  Drone  
  43  7:58  Drone x3  
  47  8:07  Drone x2  
  46  8:33  Overlord x2  
  41  8:36  Mutalisk x5  
  41  8:37  Mutalisk x2  
  41  8:38  Mutalisk  
  48  8:46  Hatchery  
  45  8:50  Overlord, Baneling Nest  
  40  9:03  Corruptor  
  40  9:08  Corruptor  
  34  9:24  Mutalisk x2  
  38  9:32  Zergling x2  
  38  9:33  Zergling x6  
  38  9:38  Drone  
  43  9:41  Drone  
Show
View Real Time Build Order
Export as new Build Order

Term Terran 

Build Orders:  

Get SALT Encoding   

  12  0:00  SCV  
  13  0:12  SCV  
  14  0:17  Supply Depot  
  14  0:24  SCV  
  15  0:38  SCV  
  15  0:39  Barracks  
  16  0:48  Supply Depot  
  16  0:52  SCV  
  17  0:57  Refinery  
  17  1:04  SCV  
  18  1:16  SCV  
  19  1:29  Marine  
  19  1:30  Orbital Command  
  20  1:49  Marine  
  20  1:53  Command Center  
  21  1:56  SCV  
  22  2:08  Marine  
  23  2:10  SCV  
  24  2:19  Factory  
  24  2:23  SCV  
  24  2:27  Refinery  
  24  2:28  Marine  
  26  2:37  SCV  
  26  2:38  Supply Depot  
  27  2:49  Barracks Reactor, SCV  
  28  3:01  SCV  
  29  3:13  Factory Tech Lab  
  29  3:15  Orbital Command  
  29  3:17  Starport, Command Center  
  29  3:19  SCV  
  30  3:34  SCV  
  31  3:35  Siege Tank  
  31  3:36  Marine x2  
  36  3:42  SCV  
  36  3:46  SCV  
  37  3:50  Orbital Command  
  37  3:54  Marine x2, Viking  
  40  4:04  SCV  
  40  4:07  Orbital Command  
  40  4:12  Marine x2, Siege Tank  
  40  4:16  SCV  
  46  4:34  Orbital Command  
  46  4:35  SCV  
  46  4:36  SCV  
  46  4:38  Medivac  
  50  4:43  Medivac  
  50  4:44  Barracks  
  52  4:46  Barracks  
  52  4:47  Barracks  
  52  4:48  SCV x2  
  54  4:55  Engineering Bay  
  54  5:00  SCV x2  
  54  5:01  Refinery  
  54  5:04  Barracks Tech Lab  
  56  5:12  SCV  
  57  5:24  Marine  
  57  5:25  Terran Infantry Weapons Level 1  
  58  5:32  Stimpack  
  58  5:39  Marine  
  58  5:40  Marine x2  
  58  5:42  Marine  
  62  5:49  Siege Tank  
  65  5:54  Bunker  
  65  5:55  SCV x2  
  67  5:57  Marine x2  
  67  5:58  Marine  
  67  6:01  Marine  
  57  6:12  SCV x2  
  57  6:15  Marine x2  
  61  6:24  Siege Tank  
  61  6:25  Marine  
  65  6:26  SCV x2  
  65  6:28  Starport Reactor  
  67  6:33  Marine x2  
  69  6:42  SCV  
  69  6:43  SCV, Marine  
  68  6:52  Marine x2  
  69  6:55  Barracks Reactor  
  69  6:56  Barracks Reactor  
  69  6:57  Orbital Command  
  69  6:58  SCV x2  
  69  7:02  Missile Turret  
  69  7:06  Refinery  
  69  7:10  Supply Depot  
  69  7:11  Supply Depot  
  69  7:12  Combat Shield  
  69  7:13  Supply Depot  
  69  7:28  Marine x3  
  69  7:29  Medivac, Siege Tank  
  77  7:30  Supply Depot  
  77  7:31  Supply Depot  
  77  7:32  SCV x3  
  77  7:37  Marine x4  
  80  7:44  SCV x3  
  87  7:45  Armory  
  87  7:46  Marine x2  
  89  7:54  Marine x2, Medivac  
  89  7:55  Marine  
  94  7:59  Barracks, Engineering Bay  
  94  8:02  Marine  
  94  8:05  Terran Infantry Armor Level 1  
  95  8:08  SCV x2  
  95  8:09  Medivac  
  95  8:10  SCV  
  100  8:15  Missile Turret  
  100  8:20  SCV x2  
  100  8:22  SCV  
  100  8:26  Marine x2  
  100  8:27  Marine  
  99  8:29  Siege Tank  
  99  8:32  SCV, Marine x2  
  101  8:36  Marine x2  
  96  8:44  Marine x3  
  94  8:50  Marine x2  
  94  8:52  SCV  
  94  8:54  Marine x2  
  95  9:02  SCV, Marine x3  
  98  9:08  Marine x2  
  101  9:19  Marine x2  
  101  9:20  Marine  
  101  9:25  Marine x2  
  101  9:26  Marine  
  101  9:29  Marine  
  103  9:37  Marine x2  
  103  9:38  Marine  
Show
View Real Time Build Order
Export as new Build Order

Badezusatz Protoss 

Build Orders: Oracle Opening 

Get SALT Encoding   

  12  0:00  Probe  
  13  0:12  Probe  
  14  0:16  Pylon  
  14  0:24  Probe  
  15  0:36  Gateway  
  15  0:38  Probe  
  16  0:47  Assimilator  
  16  0:50  Probe (Chrono Boost)  
  17  1:01  Probe (Chrono Boost)  
  18  1:05  Pylon  
  18  1:07  Probe (Chrono Boost)  
  19  1:18  Probe  
  19  1:20  Assimilator  
  20  1:27  Cybernetics Core  
  20  1:30  Probe  
  21  1:43  Probe  
  22  1:55  Probe  
  23  2:07  Probe  
  24  2:09  Stargate  
  24  2:19  Probe  
  24  2:20  Zealot (Chrono Boost)  
  27  2:30  Pylon  
  27  2:31  Probe  
  28  2:43  Nexus  
  28  2:44  Adept  
  28  2:50  Oracle (Chrono Boost)  
  33  3:01  Probe  
  34  3:11  Void Ray (Chrono Boost)  
  34  3:13  Probe  
  39  3:48  Void Ray (Chrono Boost)  
  39  3:55  Probe  
  44  3:57  Pylon  
  42  4:11  Probe x2  
  42  4:14  Zealot  
  46  4:18  Pylon  
  46  4:20  Assimilator  
  46  4:22  Assimilator  
  46  4:23  Probe x2  
  44  4:35  Probe x2  
  46  4:41  Zealot  
  48  4:47  Probe x2  
  48  4:49  Stargate  
  50  4:54  Fleet Beacon  
  50  4:59  Probe x2  
  52  5:11  Probe x2  
  54  5:17  Void Ray (Chrono Boost)  
  54  5:23  Probe x2  
  54  5:25  Warp Gate (Chrono Boost)  
  58  5:35  Probe  
  52  5:50  Tempest (Chrono Boost)  
  63  6:01  Zealot  
  63  6:02  Carrier (Chrono Boost)  
  65  6:22  Probe x2  
  67  6:30  Forge  
  63  6:34  Probe, Pylon  
  63  6:39  Zealot  
  66  6:44  Gateway  
  66  6:46  Gateway  
  66  6:48  Twilight Council, Nexus  
  66  6:50  Pylon  
  66  7:05  Probe x2  
  66  7:06  Carrier (Chrono Boost), Zealot  
  66  7:07  Pylon  
  70  7:12  Protoss Air Weapons Level 1  
  70  7:13  Carrier (Chrono Boost)  
  82  7:17  Probe  
  83  7:22  Charge (Chrono Boost)  
  83  7:47  Nexus  
  83  7:51  Zealot  
  83  7:52  Zealot x2  
  89  8:05  Assimilator  
  89  8:09  Assimilator  
  89  8:34  Zealot x2  
  91  8:40  Pylon  
  93  8:42  Pylon  
  93  9:05  Probe x2  
  93  9:06  Probe, Photon Cannon  
  93  9:07  Photon Cannon  
  96  9:17  Probe x2  
  96  9:18  Probe  
  96  9:19  Gateway  
  96  9:20  Gateway  
  99  9:24  Phoenix (Chrono Boost)  
  99  9:26  Phoenix (Chrono Boost)  
  99  9:29  Probe x2  
  105  9:35  Zealot x2  
  105  9:36  Zealot  
Tags
 
Add a new tag
Caveats
  • Supply blocks, unpowered buildings, or Contaminate may cause inaccurate times.
  • Supply counts are checked every 10 seconds.